 Dungeon Crawl Stone Soup version 0.32-a0-131-g9dbbe29261 (webtiles) character file.

Game seed: 2150926475781315591

109 Ceno the Sneak (level 4, -2/36 HPs)
             Began as a Naga Ice Elementalist on Feb 9, 2024.
             Was a Follower of Cheibriados.
             Slain by Ijyb
             ... wielding a +0 club
              (4 damage)
             ... on level 3 of the Dungeon.
             The game lasted 00:05:49 (2281 turns).

Ceno the Sneak (Naga Ice Elementalist)              Turns: 2281, Time: 00:05:50

Health: -2/36      AC:  3    Str: 12    XL:     4   Next: 90%
Magic:  12/18      EV: 10    Int: 19    God:    Cheibriados [*.....]
Gold:   102        SH:  0    Dex: 14    Spells: 3/10 levels left

rFire   . . .        l - +3 dagger
rCold   . . .        (no shield)
rNeg    . . .        a - +0 robe
rPois   +            (no helmet)
rElec   .            (no cloak)
rCorr   .            e - +0 pair of gloves
SInv    +            (no barding)
Will    .....        (no amulet)
Stlth   +++          m - ring of magical power
HPRegen 0.26/turn    (no ring)
MPRegen 0.16/turn

%: no passive effects
@: freezing walls, very slightly contaminated, very slow
A: AC +1, large, see invisible, deformed body, poison resistance, slowness 2,
spit poison 1, naga tail 1
a: Spit Poison, Renounce Religion, Bend Time


You were on level 3 of the Dungeon.
You worshipped Cheibriados.
Cheibriados was aware of your devotion.
You visited 1 branch of the dungeon, and saw 3 of its levels.

You collected 102 gold pieces.

Inventory:

Hand Weapons
 l - a +3 dagger (weapon)
Missiles
 d - 26 stones
 o - 8 poisoned darts
Armour
 a - a +0 robe (worn)
 e - a +0 pair of gloves (worn)
 p - a +1 ring mail of fire resistance
Jewellery
 m - a ring of magical power (left hand)
Wands
 r - a wand of iceblast (13)
Scrolls
 c - a scroll of blinking {unknown}
 f - 2 scrolls of immolation {unknown}
 h - 2 scrolls of enchant armour {unknown}
 i - 3 scrolls of identify {unknown}
 n - 2 scrolls of vulnerability {unknown}
 q - a scroll of poison {unknown}
 s - a scroll of noise {unknown}
Potions
 b - a potion of magic
 g - 2 potions of curing {unknown}
 j - 3 potions of mutation {unknown}
 k - a potion of brilliance {unknown}


   Skills:
 - Level 1.5 Dodging
 + Level 4.6 Stealth
 * Level 3.5 Spellcasting
 + Level 4.5 Ice Magic


You had 3 spell levels left.
You knew the following spells:

 Your Spells              Type           Power      Damage    Failure   Level
a - Freeze                Ice            80%        1d9       2%          1
b - Frozen Ramparts       Ice            40%        1d7       7%          3
c - Ozocubu's Armour      Ice            20%        N/A       7%          3

Your spell library contained the following spells:

 Spells                   Type           Power      Damage    Failure   Level
 Slow                     Hex            12%        N/A       14%         1
 Sting                    Conj/Alch      12%        1d3       14%         1
 Summon Ice Beast         Ice/Summ       12%        N/A       17%         3
 Mercury Vapours          Alch/Air       6%         N/A       22%         2
 Confusing Touch          Hex            3%         N/A       41%         3
 Sigil of Binding         Hex            3%         N/A       41%         3
 Vampiric Draining        Necr           3%         2d6       41%         3
 Ignite Poison            Fire/Alch      3%         N/A       82%         4
 Olgreb's Toxic Radiance  Alch           3%         N/A       82%         4
 Sticky Flame             Fire/Alch      3%         2d4       82%         4
 Ignition                 Fire           1%         3d3       100%        8


Dungeon Overview and Level Annotations

Branches:
Dungeon (3/15)

Altars:
Cheibriados

Annotations:
D:2 Terence
D:3 Ijyb


Innate Abilities, Weirdness & Mutations

Your serpentine skin is tough. (AC +1)
You have supernaturally acute eyesight. (SInv)
Armour fits poorly on your strangely shaped body.
Your system is resistant to poisons. (rPois)
You cover ground very slowly.
You can spit poison.
You have a snake-like lower body.


Message History

Ijyb is lightly wounded.
The wall freezes Ijyb but does no damage.
Ijyb hits you with a +0 club.
You barely miss Ijyb.
Ijyb is lightly wounded.
The wall freezes Ijyb but does no damage.
Ijyb barely misses you.
Aiming: Spit Poison (1% risk of failure)
Press: ? - help, Shift-Dir - straight line, f - Ijyb
Aim: Ijyb, wielding a +0 club, wearing a +3 leather armour of cold resistance and carrying a wand of flame (lightly wounded, 50% to hit)
The splash of poison hits Ijyb!
Ijyb is poisoned.
Ijyb is heavily wounded.
The wall freezes Ijyb but does no damage.
Ijyb misses you.
You fail to use your ability.
The wall freezes Ijyb but does no damage.
Ijyb hits you with a +0 club!
* * * LOW HITPOINT WARNING * * *
You hit Ijyb.
Ijyb is heavily wounded.
The wall freezes Ijyb but does no damage.
Ijyb hits you with a +0 club.
* * * LOW HITPOINT WARNING * * *
You hit Ijyb but do no damage.
Ijyb is heavily wounded.
Ijyb resists.
The wall freezes Ijyb.
Ijyb hits you with a +0 club.
* * * LOW HITPOINT WARNING * * *
Casting: Ozocubu's Armour (dangerous; 7% risk of failure)
Confirm with . or Enter, or press ? or * to list all spells.
Aiming: Freeze (safe; 2% risk of failure)
Press: ? - help, Shift-Dir - straight line, f/p - Ijyb
Aim: Ijyb, wielding a +0 club, wearing a +3 leather armour of cold resistance and carrying a wand of flame (severely wounded, poisoned)
You freeze Ijyb.
Ijyb resists.
Ijyb is severely wounded.
You have got your breath back.
The wall freezes Ijyb but does no damage.
Ijyb hits you with a +0 club.
You die...
Ijyb screams, "Good help so hard to find!"
Cheibriados appreciates the motionlessness of death.

#...# #.# #.#.###.#
## #.#.....# ..
#.####.## ##. # #.#
#.# #.. .. #.# #.#
#.#####... #.# #.#
#.#.....g.
#.####.####).......#
#..@g.......#.###.##
######.####...# #.##
#.# #.#.###.##
#.####g#.#...#.
#.##...รท.......
#............#.
####.#.........
#.###.###.## #.#...#
#.#


You could see Ijyb (poisoned).

Vanquished Creatures
  Jessica (D:3)
  An orc wizard (D:3)
  5 dart slugs
  4 orcs (D:3)
  4 bats
  An endoplasm (D:2)
  2 giant cockroaches
  4 goblins
  6 hobgoblins
  4 jackals
  A kobold (D:1)
  4 ball pythons
  5 rats
42 creatures vanquished.

Notes
Turn   | Place    | Note
-------+----------+-------------------------------------------
     0 | D:1      | Ceno the Naga Ice Elementalist began the quest for the Orb.
     0 | D:1      | Reached XP level 1. HP: 15/15 MP: 3/3
   207 | D:1      | Reached XP level 2. HP: 19/22 MP: 0/5
   755 | D:1      | Found a faded altar of an unknown god.
   890 | D:2      | Noticed Terence
  1051 | D:2      | Reached XP level 3. HP: 28/28 MP: 6/6
  1070 | D:2      | Learned a level 3 spell: Frozen Ramparts
  1074 | D:2      | Learned a level 3 spell: Ozocubu's Armour
  1287 | D:2      | Found a snail-covered altar of Cheibriados.
  1295 | D:2      | Became a worshipper of Cheibriados the Contemplative
  1678 | D:3      | Noticed Ijyb
  1760 | D:3      | Reached XP level 4. HP: 36/36 MP: 8/8
  1913 | D:3      | Reached * piety under Cheibriados
  2006 | D:3      | Noticed Jessica
  2008 | D:3      | Killed Jessica
  2281 | D:3      | Slain by Ijyb

Illustrated notes

Levels and vault maps discovered:
D:1:      dpeg_arrival_refuge, layout_loops_ring,
          dreamdust_ecumenical_altar_statues, minmay_hexomino_u4
D:2:      layout_basic, basic_altar, amethyst_killhole, uniq_terence
D:3:      layout_loops_ring, led_sif_pool, amcnicky_mini_corridor_feature,
          minmay_misc_feat_iff, roderic_serpentine_path, grunt_ministairs_14,
          uniq_ijyb, uniq_jessica

Skill      XL: |  1  2  3 |
---------------+----------+-----
Stealth        | 4 |  4.6
Spellcasting   | 3 |  3.5
Dodging        | |  1.5
Ice Magic      | |  4.5

Action                     |  1- 3 |  4- 6 || total
---------------------------+-------+-------++-------
  Melee: Unarmed           |    15 |       ||    15
         Punch             |     1 |       ||     1
         Dagger            |    10 |     6 ||    16
   Cast: Freeze            |    28 |     3 ||    31
         Frozen Ramparts   |     1 |     3 ||     4
Ability: Spit Poison       |    23 |     6 ||    29
   Stab: Sleeping          |     1 |       ||     1
 Armour: Robe              |    28 |    18 ||    46
  Dodge: Dodged            |    27 |     4 ||    31

Table legend: (Time is in decaauts)
 A = Elapsed time spent in this place.
 B = Non-inter-level travel time spent in this place.
 C = Inter-level travel time spent in this place.
 D = Time resting spent in this place.
 E = Time spent auto-exploring this place.
 F = Levels seen in this place.
 G = Mean time per level.
                   A        B        C        D        E       F      G
               +--------+--------+--------+--------+--------+-----+--------+
         Total |   3346 |   3228 |    118 |     91 |   2554 |   3 | 1115.3 |
       Dungeon |   3346 |   3228 |    118 |     91 |   2554 |   3 | 1115.3 |
               +--------+--------+--------+--------+--------+-----+--------+

Top non-repeatable levels by time:
     D:2: 1169 daAuts
     D:1: 1138 daAuts
     D:3: 1038 daAuts
